 Dungeon Crawl Stone Soup version 0.29.0-11-gd7f09526c8 (webtiles) character file.

Game seed: 10487720930184794952

144 Powertoast the Cudgeller (level 5, 0/50 HPs)
             Began as a Troll Berserker on Sept 3, 2022.
             Was a Believer of Trog.
             Slain by a sky beast (2 damage)
             ... on level 4 of the Dungeon.
             The game lasted 00:05:13 (2025 turns).

Powertoast the Cudgeller (Troll Berserker)          Turns: 2025, Time: 00:05:14

Health: 0/50       AC:  4    Str: 27    XL:     5   Next: 5%
Magic:  4/4        EV: 10    Int:  3    God:    Trog [**....]
Gold:   162        SH:  0    Dex:  9    Spells: 4/4 levels left

rFire   . . .      SeeInvis .   a - +0 mace
rCold   . . .      Faith    .   (no shield)
rNeg    . . .      Spirit   .   b - +0 animal skin
rPois   .          Reflect  .   (helmet restricted)
rElec   .          Harm     .   (no cloak)
rCorr   .          Rampage  .   (gloves unavailable)
Will    .....                   (boots unavailable)
Stlth   +.........              (no amulet)
HPRegen 0.96/turn               (no ring)
MPRegen 0.09/turn               (no ring)

@: no status effects
A: large, unfitting armour, claws 3, regeneration 1, shaggy fur 1, tough skin 1
a: Renounce Religion, Berserk, Trog's Hand


You were on level 4 of the Dungeon.
You worshipped Trog.
Trog was pleased with you.
You visited 1 branch of the dungeon, and saw 4 of its levels.

You collected 162 gold pieces.

Inventory:

Hand Weapons
 a - a +0 mace (weapon)
Armour
 b - a +0 animal skin (worn)
Scrolls
 c - 3 scrolls of teleportation {unknown}
 d - a scroll of magic mapping {unknown}
 f - a scroll of fear {unknown}
 k - a scroll of identify {unknown}
Potions
 e - a potion of might {unknown}
 g - a potion of invisibility {unknown}
 h - a potion of heal wounds {unknown}
 i - 2 potions of resistance {unknown}
 j - 4 potions of curing {unknown}
 l - a potion of ambrosia {unknown}
 m - a potion of attraction {unknown}


   Skills:
 - Level 2.4 Fighting
 + Level 5.3 Maces & Flails
 - Level 2.4 Dodging


You had 4 spell levels left.
You didn't know any spells.
Your spell library was empty.

Dungeon Overview and Level Annotations

Branches:
Dungeon (4/15)
 Temple: D:4-7

Altars:

Shops:
D:1 *:


Innate Abilities, Weirdness & Mutations

You are too large for most types of armour.
You have claws for hands.
Your natural rate of healing is unusually fast.
You are covered in fur. (AC +1)
You have tough skin. (AC +1)


Message History

The sky beast hits you. The sky beast shocks you.
You closely miss the sky beast.
The sky beast is heavily wounded.
The sky beast flickers out of sight!
Deactivating autopickup; reactivate with Ctrl-A.
Something hits you but does no damage.
You miss something. Something hits you. Something shocks you.
You closely miss something. Something hits you. Something shocks you.
You miss something. Something hits you but does no damage.
You closely miss something. Something hits you. Something shocks you.
Something hits you but does no damage.
You barely miss something. Something hits you.
* * * LOW HITPOINT WARNING * * *
Something shocks you.
* * * LOW HITPOINT WARNING * * *
Something hits you but does no damage.
A sky beast appears from thin air!
Reactivating autopickup.
The sky beast flickers out of sight!
Deactivating autopickup; reactivate with Ctrl-A.
A sky beast appears from thin air!
Reactivating autopickup.
The sky beast attacks as you move away!
The sky beast hits you but does no damage.
The sky beast flickers out of sight!
Deactivating autopickup; reactivate with Ctrl-A.
Something hits you. Something shocks you. Something hits you.
* * * LOW HITPOINT WARNING * * *
Something shocks you.
* * * LOW HITPOINT WARNING * * *
Something hits you.
* * * LOW HITPOINT WARNING * * *
Something shocks you.
* * * LOW HITPOINT WARNING * * *
Something hits you.
* * * LOW HITPOINT WARNING * * *
Something shocks you.
* * * LOW HITPOINT WARNING * * *
Something hits you.
You die...

#.# ##.. ####...
......>###########
........##..#....#
#...............#
#...............##
#..@..........#
#...........####### ...
###...........##....## #...
#...#.................
..#...####......##............
###.........#.....###............
..:...........(....#...........##
............................|.##
..............................#


There were no monsters in sight!

Vanquished Creatures
  2 hounds (D:4)
  An adder (D:2)
  A worm (D:2)
  2 dart slugs
  6 orcs (D:3)
  4 endoplasms
  2 giant cockroaches
  3 goblins
  4 hobgoblins
  6 quokkas
  6 ball pythons
  7 bats
  6 frilled lizards
  6 kobolds
  7 rats
63 creatures vanquished.

Vanquished Creatures (others)
  A fungus (D:3)
1 creature vanquished.

Grand Total: 64 creatures vanquished

Notes
Turn   | Place    | Note
-------+----------+-------------------------------------------
     0 | D:1      | Powertoast the Troll Berserker began the quest for the Orb.
     0 | D:1      | Reached XP level 1. HP: 22/22 MP: 0/0
    49 | D:1      | Reached skill level 3 in Maces & Flails
    68 | D:1      | Found Pimasas's Assorted Antiques.
   169 | D:1      | Reached XP level 2. HP: 24/29 MP: 1/1
   307 | D:1      | Reached ** piety under Trog
   393 | D:1      | Found Solaug's Vocational Training.
   469 | D:2      | Reached XP level 3. HP: 36/36 MP: 2/2
   649 | D:2      | Reached skill level 4 in Maces & Flails
  1355 | D:3      | Reached XP level 4. HP: 40/44 MP: 3/3
  1744 | D:3      | Found a faded altar of an unknown god.
  1910 | D:4      | Reached skill level 5 in Maces & Flails
  1937 | D:4      | Reached XP level 5. HP: 42/50 MP: 4/4
  1985 | D:4      | Noticed a sky beast
  2024 | D:4      | HP: 1/50 [something (6)]
  2025 | D:4      | Slain by a sky beast

Illustrated notes

Levels and vault maps discovered:
D:1:      roderic_dead_forest, layout_basic, serial_shops, shop,
          nicolae_shop_vocational
D:2:      layout_loops_ring
D:3:      wad_lake_hut, layout_loops_cross, shapermc_ecumenical_altar_rom_forum,
          minmay_misc_feat_doors
D:4:      layout_cave_pools

Skill      XL: |  1  2  3  4 |
---------------+-------------+-----
Maces & Flails | 3 4 5 |  5.3
Fighting       | |  2.4
Dodging        | |  2.4

Action                   |  1- 3 |  4- 6 || total
-------------------------+-------+-------++-------
Melee: Mace              |   135 |    57 ||   192
       Punch             |     3 |       ||     3
 Stab: Sleeping          |     2 |       ||     2
Armor: Animal skin       |    78 |    19 ||    97
Dodge: Dodged            |    72 |    27 ||    99
